 Dungeon Crawl Stone Soup version 0.31-a0-441-g867994ef1c (webtiles) character file.

Game seed: 17017586699062049433

6281 CraigForest the Spear-Bearer (level 11, -3/69 HPs)
             Began as a Formicid Fighter on Aug 2, 2023.
             Was an Elder of Hepliaklqana.
             Slain by a komodo dragon (22 damage)
             ... on level 10 of the Dungeon.
             The game lasted 00:43:30 (10012 turns).

CraigForest the Spear-Bearer (Formicid Fighter)    Turns: 10012, Time: 00:43:30

Health: -3/69      AC: 11    Str: 24    XL:     11   Next: 15%
Magic:  13/13      EV: 14    Int:  9    God:    Hepliaklqana [****..]
Gold:   355        SH:  5    Dex: 13    Spells: 10/10 levels left

rFire   . . .        W - +1 glaive (chaos)
rCold   + . .        c - +0 buckler
rNeg    . . .        b - +0 scale mail
rPois   .            (helmet unavailable)
rElec   .            P - +2 cloak
rCorr   .            (no gloves)
SInv    +            (no boots)
Will    ++...        (no amulet)
Stlth   +            s - +5 ring of evasion
HPRegen 0.31/turn    G - ring of willpower
MPRegen 0.13/turn

%: no passive effects
@: mighty
A: reduced essence, permanent stasis, dig shafts and tunnels, antennae 3, four
strong arms, cold resistance 1, high MP 1, noise suppression
a: Dig, Shaft Self, Renounce Religion, Recall Ancestor, Ancestor Identity,
Transference, Idealise


You were on level 10 of the Dungeon.
You worshipped Hepliaklqana.
Hepliaklqana was greatly pleased with you.
You visited 2 branches of the dungeon, and saw 11 of its levels.
You also visited: Ossuary.

You collected 379 gold pieces.
You spent 24 gold pieces at shops.

Inventory:

Hand Weapons
 a - a +1 trident
 f - a +1 short sword of draining
 p - a +0 morningstar
 q - a +0 battleaxe
 M - a +3 battleaxe
 O - a +0 halberd
 Q - a +1 hand axe of flaming
 S - a +5 battleaxe of freezing
 W - a +1 glaive of chaos (weapon)
Missiles
 l - 6 boomerangs (quivered)
 L - 34 poisoned darts
Armour
 b - a +0 scale mail (worn)
 c - a +0 buckler (worn)
 D - a +0 cloak
 N - a +2 robe of resistance
 P - a +2 cloak (worn)
Magical Staves
 V - a staff of air
Jewellery
 h - a +6 ring of intelligence
 i - an amulet of faith
 n - a +6 ring of dexterity
 s - a +5 ring of evasion (left hand)
 A - a ring of positive energy
 B - a +6 ring of dexterity
 G - a ring of willpower (right hand)
 H - a ring of wizardry
 K - a ring of willpower
Wands
 I - a wand of paralysis (8)
 X - a wand of flame (5)
Scrolls
 g - 4 scrolls of identify
 k - 9 scrolls of teleportation
 o - a scroll of vulnerability {unknown}
 r - a scroll of torment {unknown}
 t - 2 scrolls of amnesia
 u - 2 scrolls of fear
 x - a scroll of noise {unknown}
 y - a scroll of fog {unknown}
 C - 2 scrolls of revelation
 F - a scroll of butterflies {unknown}
 J - 2 scrolls of blinking
 T - a scroll of poison {unknown}
Potions
 d - a potion of might
 e - a potion of resistance
 m - 3 potions of curing
 v - 3 potions of heal wounds
 z - 2 potions of haste
 E - a potion of experience
 R - a potion of magic
 U - 3 potions of enlightenment


   Skills:
 - Level 4.0 Fighting
 * Level 14.4 Polearms
 - Level 7.0 Armour
 + Level 3.7 Stealth
 - Level 5.0 Shields
 * Level 1.5 Invocations


You had 10 spell levels left.
You didn't know any spells.
Your spell library contained the following spells:

 Spells                   Type           Power      Damage    Failure   Level
 Cigotuvi's Dreadful Rot  Necr/Pois/Air  0%         N/A       86%         2
 Static Discharge         Conj/Air       0%         2-2/arc   86%         2
 Ozocubu's Armour         Ice            0%         N/A       97%         3
 Airstrike                Air            0%         2d(0-16)  100%        4
 Dispel Undead            Necr           0%         3d6       100%        4
 Summon Lightning Spire   Summ/Air       0%         N/A       100%        4
 Death Channel            Necr           0%         N/A       100%        6
 Ozocubu's Refrigeration  Ice            0%         4d7       100%        7


Dungeon Overview and Level Annotations

Branches:
Dungeon (10/15)            Temple (1/1) D:7         Ossuary (visited)
   Lair: D:8-11         Orc: D:9-12

Altars:
Ashenzari
Cheibriados
Dithmenos
Elyvilon
Fedhas
Gozag
Hepliaklqana
Kikubaaqudgha
Nemelex Xobeh
Okawaru
Qazlal
Ru
Sif Muna
Trog
Uskayaw
Vehumet
Wu Jian
Xom
Yredelemnul
Zin
The Shining One

Shops:
D:1 ?


Innate Abilities, Weirdness & Mutations

Your life essence is reduced to manifest your ancestor. (-10% HP)
You cannot be hasted, slowed, berserked, paralysed or teleported.
You can dig through walls and to a lower floor.
You have a pair of large antennae on your head. (SInv)
Your four strong arms can wield two-handed weapons with a shield.
Your flesh is cold resistant. (rC+)
You have an increased reservoir of magic. (+10% MP)
You passively dampen the noise of your surroundings.


Message History

You are too injured to fight recklessly!
You are too injured to fight recklessly!
You are too injured to fight recklessly!
You are too injured to fight recklessly!
You are too injured to fight recklessly!
You are too injured to fight recklessly!
You slash the komodo dragon!
The komodo dragon is moderately wounded.
The yak misses you. The yak gores you!
The yak gores Septima!
Septima hits the yak with a +0 flail!
The komodo dragon closely misses you.
You barely miss the komodo dragon.
The komodo dragon is moderately wounded.
The yak barely misses Septima.
The yak gores you!
* * * LOW HITPOINT WARNING * * *
The yak gores Septima but does no damage.
The komodo dragon bites you!
* * * LOW HITPOINT WARNING * * *
You feel much better.
Septima hits the yak with a +0 flail!
The yak dies!
The yak completely misses you.
The yak gores Septima but does no damage.
You block the komodo dragon's attack.
The komodo dragon attacks as you move away!
The komodo dragon misses you. The shadow attacks as you move away!
The shadow barely misses you. The yak attacks as you move away!
The yak gores you but does no damage.
The yak completely misses Septima.
Septima hits the yak but does no damage.
The komodo dragon bites Septima!!
The shadow closely misses you.
You feel very mighty all of a sudden. The yak closely misses you.
The yak gores Septima!
Septima is destroyed!
The shadow closely misses you.
You barely miss the shadow. The yak barely misses you.
You block the komodo dragon's attack. The shadow misses you.
You barely miss the komodo dragon.
The komodo dragon is moderately wounded.
The yak closely misses you.
The komodo dragon hisses menacingly.
The komodo dragon bites you!!
You die...

#. ##...## ######.
##.....# #......
#......### ...
......###........ ....
.......##......###...#
#.................
######..##......#......
.........#....Y.#(#....
##....##.#...@W........
#.#.###.##.[.lY†......
# #..##.##...#†...#...
# ##.##.###..........#
#.##.##>#......##....#
#.......#......##....#
####.####............#
#.# #....#....#...
##.## #.............


You could see a komodo dragon, 2 yaks and a shadow (invisible).

Vanquished Creatures
  A slime creature (D:6)
  2 yaks (D:10)
  Grum (D:9)
  Edmund (D:5)
  A water moccasin (D:6)
  3 orc warriors (D:9)
  3 black bears
  A wolf (D:8)
  A centaur (D:8)
  2 ogres (D:5)
  2 phantoms
  3 kobold brigands
  The ghost of randomguy2701 the Gusty, an amateur TeAE (D:4)
  9 scorpions
  A gnoll sergeant (D:9)
  7 wights
  7 killer bees
  3 howler monkeys (D:8)
  A centaur zombie (Ossuary)
  6 crimson imps (D:9)
  A hound (D:5)
  2 human zombies (Ossuary)
  A gnoll bouda (D:7)
  4 jellies (D:6)
  6 scorpion zombies (Ossuary)
  2 iguanas
  5 orc wizards
  A sleepcap (D:8)
  2 mummies (Ossuary)
  7 gnolls
  6 adders
  4 white imps
  4 worms
  A dart slug (D:3)
  15 orcs
  10 ball pythons
  6 endoplasms
  A giant cockroach (D:1)
  A gnoll zombie (Ossuary)
  5 goblins
  6 hobgoblins
  7 jackals
  A quokka (D:3)
  8 bats
  3 frilled lizards
  3 goblin zombies (Ossuary)
  2 hobgoblin zombies (Ossuary)
  14 kobolds
  2 kobold zombies (Ossuary)
  2 orc zombies (Ossuary)
  2 rats (D:1)
190 creatures vanquished.

Vanquished Creatures (collateral kills)
  A troll (D:9)
  2 yaks (D:10)
  An orc warrior (D:8)
  An ogre (D:7)
  A wolf (D:9)
  A centaur (D:8)
  A phantom (D:6)
  A kobold brigand (D:6)
  4 scorpions
  3 killer bees
  2 howler monkeys
  2 jellies (D:6)
  A crimson imp (D:9)
  A human zombie (Ossuary)
  A hound (D:4)
  2 scorpion zombies (Ossuary)
  An iguana (D:7)
  A mummy (Ossuary)
  2 gnolls
  An adder (D:6)
  A white imp (D:9)
  5 orcs
  A ball python (D:4)
  2 endoplasms (D:6)
  A goblin zombie (Ossuary)
  6 kobolds
  A kobold zombie (Ossuary)
  2 orc zombies (Ossuary)
49 creatures vanquished.

Vanquished Creatures (others)
  A knight (D:10)
  2 ancestors
3 creatures vanquished.

Grand Total: 242 creatures vanquished

Notes
Turn   | Place    | Note
-------+----------+-------------------------------------------
     0 | D:1      | CraigForest the Formicid Fighter began the quest for the
                  | Orb.
     0 | D:1      | Reached XP level 1. HP: 18/18 MP: 1/1
   237 | D:1      | Reached XP level 2. HP: 24/24 MP: 2/2
   426 | D:1      | Found Saojin's Magic Scroll Emporium.
   434 | D:1      | Bought a scroll of identify for 24 gold pieces
   907 | D:2      | Reached XP level 3. HP: 29/29 MP: 3/3
  1743 | D:2      | Reached skill level 3 in Polearms
  1805 | D:3      | Found a hazy altar of Hepliaklqana.
  1813 | D:3      | Became a worshipper of Hepliaklqana the Forgotten
  1821 | D:3      | Reached XP level 4. HP: 37/37 MP: 4/4
  1875 | D:3      | Found a hide-covered altar of Uskayaw.
  2417 | D:3      | Reached XP level 5. HP: 42/42 MP: 5/5
  2509 | D:3      | Reached skill level 4 in Polearms
  2716 | D:4      | Reached * piety under Hepliaklqana
  2731 | D:4      | Noticed a black bear
  2738 | D:4      | Reached XP level 6. HP: 35/43 MP: 6/6
  2742 | D:4      | Killed a black bear
  2743 | D:4      | Reached skill level 5 in Polearms
  2904 | D:4      | Found a sand-covered staircase.
  2913 | Ossuary  | Entered an ossuary
  2995 | Ossuary  | Reached XP level 7. HP: 18/48 MP: 7/7
  3011 | Ossuary  | Reached skill level 1 in Stealth
  3155 | Ossuary  | Reached skill level 5 in Shields
  3160 | Ossuary  | Reached skill level 6 in Polearms
  3334 | Ossuary  | Reached skill level 5 in Armour
  3353 | Ossuary  | Reached XP level 8. HP: 14/54 MP: 8/8
  3363 | Ossuary  | Reached skill level 7 in Polearms
  3612 | Ossuary  | Reached skill level 8 in Polearms
  3686 | Ossuary  | Gained mutation: You are frail. (-10% HP) [potion of
                  | mutation]
  3686 | Ossuary  | Gained mutation: Your flesh is cold resistant. (rC+)
                  | [potion of mutation]
  3687 | Ossuary  | Lost mutation: Your flesh is cold resistant. (rC+) [potion
                  | of mutation]
  3687 | Ossuary  | Lost mutation: You are frail. (-10% HP) [potion of
                  | mutation]
  3687 | Ossuary  | Gained mutation: You passively dampen the noise of your
                  | surroundings. [potion of mutation]
  3687 | Ossuary  | Gained mutation: You have hidden genetic potential. [potion
                  | of mutation]
  3951 | D:4      | Found a runed translucent door.
  3952 | D:4      | Noticed randomguy2701's ghost (amateur TeAE)
  3968 | D:4      | Killed randomguy2701's ghost
  4089 | D:4      | Found an ancient bone altar of Kikubaaqudgha.
  4121 | D:4      | Found an opulent altar of Gozag.
  4401 | D:5      | Entered Level 5 of the Dungeon
  4412 | D:5      | Noticed Edmund
  4425 | D:5      | Killed Edmund
  4426 | D:5      | Reached skill level 9 in Polearms
  4486 | D:5      | Reached XP level 9. HP: 43/58 MP: 9/9
  4627 | D:5      | Reached ** piety under Hepliaklqana
  4628 | D:5      | Remembered your ancestor Septima as a knight
  4813 | D:5      | Found a sacrificial altar of Ru.
  5128 | D:5      | Reached skill level 10 in Polearms
  5388 | D:6      | Gained mutation: Your flesh is cold resistant. (rC+)
                  | [hidden potential]
  5784 | D:6      | Reached skill level 11 in Polearms
  5891 | D:6      | Reached XP level 10. HP: 55/63 MP: 10/10
  6093 | D:6      | Reached *** piety under Hepliaklqana
  6681 | D:7      | Found a glowing silver altar of Zin.
  6689 | D:7      | Found a broken altar of Ashenzari.
  6729 | D:7      | Found a shimmering blue altar of Sif Muna.
  6873 | D:7      | Reached skill level 12 in Polearms
  6991 | D:7      | Gained mutation: You have an increased reservoir of magic.
                  | (+10% MP) [hidden potential]
  6991 | D:7      | Lost mutation: You have hidden genetic potential. [hidden
                  | potential expressed]
  7163 | D:7      | Found an iron altar of Okawaru.
  7418 | D:7      | Found a staircase to the Ecumenical Temple.
  7427 | Temple   | Entered the Ecumenical Temple
  7497 | D:8      | Reached **** piety under Hepliaklqana
  8579 | D:9      | Noticed Grum
  8586 | D:9      | Reached skill level 13 in Polearms
  8747 | D:9      | Killed Grum
  9378 | D:9      | HP: 3/63 [poisoned by a killer bee]
  9381 | D:9      | HP: 1/63 [poisoned by a killer bee]
  9670 | D:9      | Reached XP level 11. HP: 69/69 MP: 12/12
  9678 | D:9      | Reached skill level 14 in Polearms
  9947 | D:10     | Entered Level 10 of the Dungeon
  9994 | D:10     | Reached skill level 1 in Invocations
 10007 | D:10     | HP: 1/69 [komodo dragon (9)]
 10012 | D:10     | Slain by a komodo dragon

Illustrated notes

Levels and vault maps discovered:
D:1:      mrwooster_arrival_statue, layout_basic, serial_shops, shop,
          minmay_misc_feat_rugged
D:2:      layout_loops_corners, amcnicky_mini_corridor_feature
D:3:      layout_loops_ring, mainiacjoe_overflow_small_starburst,
          lemuel_doored_altar
D:4:      layout_loops_corners, overflow_temple_1_default,
          mainiacjoe_overflow_paths, gammafunk_ghost_grave,
          nicolae_ossuary_entry_monument
D:5:      layout_loops_ring, mainiacjoe_overflow_brackets, uniq_edmund
D:6:      cheibrodos_fertilizer, layout_basic
D:7:      layout_gridville, minitemple, marbit_many_paths,
          nicolae_sif_muna_little_library, temple_hall
D:8:      layout_loops_corners
D:9:      layout_long_grid, grunt_ministairs_5, minmay_nine_imps, uniq_grum
D:10:     layout_loops_cross, kennysheep_mini, minmay_lair_entry_grove,
          skrybe_limestone_x, chequers_jeans, lemuel_flame_loot_1
Temple:   nicolae_temple_no_exploring_needed

Skill      XL: |  1  2  3  4  5  6  7  8  9 10 11 |
---------------+----------------------------------+-----
Polearms       | 3 4 5 6 9 11 13 14 | 14.4
Armour         | 4 5 6 7 |  7.0
Fighting       | 4 |  4.0
Stealth        | 1 2 3 |  3.7
Shields        | 5 |  5.0
Invocations    | 1 |  1.5

Action                     |  1- 3 |  4- 6 |  7- 9 | 10-12 || total
---------------------------+-------+-------+-------+-------++-------
  Melee: Trident           |    94 |   130 |   325 |   104 ||   653
         Halberd           |       |       |       |   110 ||   110
         Glaive            |       |       |       |   109 ||   109
  Throw: Boomerang         |     3 |       |       |       ||     3
 Invoke: Recall Ancestor   |       |     1 |       |       ||     1
         Ancestor Life: Kn |       |       |     1 |       ||     1
Ability: Dig               |     1 |       |       |       ||     1
    Use: Scroll            |     3 |     1 |     8 |     5 ||    17
         Potion            |       |       |     3 |     5 ||     8
   Stab: Distracted        |       |     2 |     3 |     3 ||     8
 Armour: Scale mail        |    34 |    52 |    48 |    80 ||   214
  Dodge: Dodged            |    20 |    92 |   122 |   197 ||   431
  Block: Buckler           |    21 |    38 |    55 |    61 ||   175

Table legend: (Time is in decaauts)
 A = Elapsed time spent in this place.
 B = Non-inter-level travel time spent in this place.
 C = Inter-level travel time spent in this place.
 D = Time resting spent in this place.
 E = Time spent auto-exploring this place.
 F = Levels seen in this place.
 G = Mean time per level.
                   A        B        C        D        E       F      G
               +--------+--------+--------+--------+--------+-----+--------+
         Total |   9979 |   9786 |    193 |   1244 |   6159 |  12 |  831.6 |
       Dungeon |   9124 |   8931 |    193 |    949 |   6024 |  10 |  912.4 |
        Temple |      1 |      1 |      0 |      0 |      0 |   1 |    1.0 |
       Ossuary |    853 |    853 |      0 |    295 |    135 |   1 |  853.0 |
               +--------+--------+--------+--------+--------+-----+--------+

Top non-repeatable levels by time:
     D:8: 1270 daAuts
     D:9: 1216 daAuts
     D:6: 1142 daAuts
     D:4: 969 daAuts
     D:2: 939 daAuts
     D:7: 926 daAuts
     D:5: 924 daAuts
     D:1: 871 daAuts
 Ossuary: 853 daAuts
     D:3: 798 daAuts
    D:10: 65 daAuts
  Temple: 1 daAuts
